 Dungeon Crawl Stone Soup version 0.31-a0-986-g5e6e4ef867 (webtiles) character file.

Game seed: 11324423639418261408

5887 LeprechaunX the Mimic (level 10, -6/63 HPs)
             Began as an Octopode Shapeshifter on Nov 9, 2023.
             Was a Follower of Hepliaklqana.
             Mangled by a yak (16 damage)
             ... on level 8 of the Dungeon.
             The game lasted 00:12:46 (6192 turns).

LeprechaunX the Mimic (Octopode Shapeshifter)       Turns: 6192, Time: 00:12:47

Health: -6/63      AC:  2    Str: 16    XL:     10   Next: 82%
Magic:  10/10      EV: 13    Int: 13    God:    Hepliaklqana [*.....]
Gold:   563        SH:  5    Dex: 13    Spells: 9/9 levels left

rFire   + .          .
                       - Unarmed
rCold   . . .        F - +0 buckler
rNeg    . . .        (helmet currently unavailable)
rPois   .            f - amulet of regeneration
rElec   .            t - ring of see invisible
rCorr   .            x - ring of willpower
SInv    +            (no ring)
Will    +....        (no ring)
Stlth   ++           (no ring)
HPRegen 1.10/turn    (no ring)
MPRegen 0.12/turn    (no ring)
                     (no ring)

%: clarity
@: beast-form
A: beast (slay +4), reduced essence, almost no armour, amphibious, 8 rings,
camouflage 1, gelatinous body 1, (nimble swimmer 1), tentacles, clarity, fire
resistance 1, shaggy fur 1
a: Begin Untransformation, Renounce Religion, Recall Ancestor, Ancestor Identity


You were on level 8 of the Dungeon.
You worshipped Hepliaklqana.
Hepliaklqana was aware of your devotion.
You were a hulking beast.
You visited 2 branches of the dungeon, and saw 10 of its levels.
You also visited: Ossuary.

You collected 563 gold pieces.

Inventory:

Hand Weapons
 a - a +0 sling
Missiles
 C - 2 boomerangs (quivered)
 E - 2 throwing nets
Armour
 F - a +0 buckler (worn)
 L - a +0 kite shield
Jewellery
 f - an amulet of regeneration (around mantle)
 t - a ring of see invisible (left tentacle)
 x - a ring of willpower (right tentacle)
 N - a ring of ice
Talismans
 b - a beast talisman
 c - a flux talisman
 n - a talisman of death
 O - a storm talisman
Wands
 D - a wand of paralysis (12)
 M - a wand of flame (18)
Scrolls
 d - 6 scrolls of identify {unknown}
 j - 4 scrolls of enchant armour {unknown}
 l - 4 scrolls of teleportation {unknown}
 o - a scroll of silence {unknown}
 p - 2 scrolls of blinking {unknown}
 r - 2 scrolls of enchant weapon {unknown}
 s - 2 scrolls of revelation {unknown}
 v - 2 scrolls of vulnerability {unknown}
 y - 2 scrolls of fog {unknown}
 B - 2 scrolls of butterflies {unknown}
 G - a scroll of torment {unknown}
 I - a scroll of amnesia {unknown}
 J - 3 scrolls of poison {unknown}
Potions
 e - 4 potions of might
 g - 5 potions of lignification
 h - a potion of heal wounds {unknown}
 i - 2 potions of curing
 k - 3 potions of brilliance
 m - 2 potions of cancellation {unknown}
 q - a potion of resistance {unknown}
 u - 2 potions of mutation
 w - a potion of attraction {unknown}
 z - a potion of invisibility {unknown}
 A - 2 potions of enlightenment {unknown}
 H - 2 potions of ambrosia {unknown}
 K - a potion of haste {unknown}


   Skills:
 + Level 7.5 Fighting
 - Level 4.0 Throwing
 - Level 2.0 Dodging
 + Level 4.3 Shields
 - Level 6.0 Unarmed Combat
 + Level 4.7 Evocations
 * Level 10.2 Shapeshifting


You had 9 spell levels left.
You didn't know any spells.
Your spell library contained the following spells:

 Spells                   Type           Power      Damage    Failure   Level
 Magic Dart               Conj           0%         1d3       36%         1
 Summon Small Mammal      Summ           0%         N/A       36%         1
 Call Imp                 Summ           0%         N/A       52%         2
 Ensorcelled Hibernation  Hex/Ice        0%         N/A       52%         2
 Lesser Beckoning         Tloc           0%         N/A       52%         2
 Passwall                 Tmut/Erth      0%         N/A       52%         2
 Call Canine Familiar     Summ           0%         N/A       75%         3
 Dazzling Flash           Conj/Hex       0%         N/A       75%         3
 Gell's Gravitas          Tloc           0%         N/A       75%         3
 Mephitic Cloud           Conj/Pois/Air  0%         N/A       75%         3
 Summon Guardian Golem    Hex/Summ       0%         N/A       75%         3
 Swiftness                Air            0%         N/A       75%         3
 Teleport Other           Tloc           0%         N/A       75%         3
 Agony                    Necr           0%         N/A       100%        5
 Silence                  Hex/Air        0%         N/A       100%        5


Dungeon Overview and Level Annotations

Branches:
Dungeon (9/15)             Temple (1/1) D:5            Lair (0/5) D:9
Ossuary (visited)
    Orc: D:9-12

Altars:
Ashenzari
Cheibriados
Dithmenos
Elyvilon
Fedhas
Gozag
Hepliaklqana
Kikubaaqudgha
Makhleb
Nemelex Xobeh
Okawaru
Qazlal
Ru
Sif Muna
Trog
Uskayaw
Vehumet
Wu Jian
Xom
Yredelemnul
Zin
The Shining One


Innate Abilities, Weirdness & Mutations

You are a hulking beast.
Your limbs bulge with bestial killing power. (Slay +4)
Your life essence is reduced to manifest your ancestor. (-10% HP)
You cannot wear most types of armour.
You are amphibious.
You can wear up to eight rings at the same time.
Your skin changes colour to match your surroundings (Stealth+).
Your rubbery body absorbs attacks. (AC +1, EV +1)
((You are camouflaged when in or above water. (Stealth+)))
You have tentacles for arms and can constrict up to eight enemies at once.
You possess an exceptional clarity of mind.
Your flesh is heat resistant. (rF+)
You are covered in fur. (AC +1)


Message History

The arrow hits you!
The centaur shoots an arrow.
The arrow hits you!
A two-headed ogre comes into view. It is wielding two +0 giant clubs.
The centaur shoots an arrow.
The arrow hits you!
The centaur shoots an arrow.
The arrow misses you.
The centaur shoots an arrow.
The arrow misses you.
You tentacle-slap the two-headed ogre.
The two-headed ogre is lightly wounded.
The two-headed ogre hits you with a +0 giant club!
The two-headed ogre misses you.
Unknown command.
You swap places.
Imgur-Sin hits the two-headed ogre!
Imgur-Sin barely misses the two-headed ogre.
The two-headed ogre hits Imgur-Sin with a +0 giant club!! x2
Imgur-Sin is destroyed!
The howler monkey hoots and howls with incredible vigour!
You hear a shout!
You hear an angry hiss.
A slime creature comes into view.
The slime creature hits you. The slime creature closely misses you.
The slime creature attacks as it pursues you!
The slime creature hits you. The slime creature hits you.
The slime creature attacks as it pursues you!
The slime creature barely misses you.
The slime creature attacks as it pursues you!
You block the slime creature's attack.
The slime creature attacks as it pursues you!
The slime creature hits you.
The slime creature attacks as it pursues you!
The slime creature hits you!
There is a stone staircase leading up, spattered with blood here.
The slime creature hits you.
You climb upwards.
The yak completely misses you. The yak gores you! You block the yak's attack.
The yak gores you!
* * * LOW HITPOINT WARNING * * *
There is a stone staircase leading down, spattered with blood here.
Unknown command.
The yak gores you!
You die...

... #..................
..##..................
#....................
#....).....##.......
##...........##......
#.##...#............[
#####......##............
##..##.................[..
#....#.YYh............#...
#....o..YJ.......##.......
.......#.....o.Y................
.....#..##....o.................
........................ .......
.....o.#................ .......
.......##.#............ .......
. ....##..#............ .......
#.... ............... ......#


You could see a slime creature, 4 yaks, an orc warrior, an orc priest and an orc
wizard.

Vanquished Creatures
  A two-headed ogre (D:9)
  Jeremiah (D:7)
  A hornet (D:6)
  A shadow (D:9)
  2 yaks (D:8)
  A wyvern (D:9)
  A steam dragon (D:6)
  An acid dragon (D:8)
  2 water moccasins
  Duvessa (D:7)
  2 ice beasts
  2 orc warriors
  A sky beast (D:7)
  3 black bears
  A centaur (D:6)
  2 ogres (D:5)
  A lemure (D:7)
  2 phantoms (D:5)
  3 kobold brigands
  A scorpion (D:6)
  3 water moccasin zombies (Ossuary)
  Dowan (D:7)
  An electric eel (D:6)
  5 howler monkeys
  An orc priest (D:8)
  2 hounds (D:4)
  A jelly (D:5)
  2 gnoll boudas
  4 iguanas
  3 orc wizards
  A sleepcap (D:7)
  Natasha (thrice) (D:3)
  2 mummies (Ossuary)
  Robin (D:3)
  11 gnolls
  8 adders
  5 ufetubi
  4 adder zombies (Ossuary)
  2 worms
  A dart slug (D:3)
  26 orcs
  8 endoplasms
  4 giant cockroaches
  2 gnoll zombies (Ossuary)
  15 goblins
  4 hobgoblins
  11 jackals
  A quokka (D:1)
  9 ball pythons
  5 bats
  3 frilled lizards
  5 hobgoblin zombies (Ossuary)
  26 kobolds
  5 kobold zombies (Ossuary)
  5 orc zombies (Ossuary)
  5 rats
225 creatures vanquished.

Vanquished Creatures (collateral kills)
  A two-headed ogre (D:8)
  Pikel (D:7)
2 creatures vanquished.

Vanquished Creatures (others)
  3 ancestors
3 creatures vanquished.

Grand Total: 230 creatures vanquished

Notes
Turn   | Place    | Note
-------+----------+-------------------------------------------
     0 | D:1      | LeprechaunX the Octopode Shapeshifter began the quest for
                  | the Orb.
     0 | D:1      | Reached XP level 1. HP: 13/13 MP: 1/1
    80 | D:1      | Reached XP level 2. HP: 17/18 MP: 2/2
   440 | D:1      | Reached XP level 3. HP: 23/23 MP: 3/3
   924 | D:2      | Reached XP level 4. HP: 28/29 MP: 4/4
  1246 | D:3      | Noticed Natasha
  1255 | D:3      | Killed Natasha
  1256 | D:3      | Reached skill level 4 in Shapeshifting
  1364 | D:3      | Noticed Natasha
  1365 | D:3      | Identified the +0 helmet of Laci {Harm rElec rCorr Str-5}
  1365 | D:3      | Noticed Robin
  1368 | D:3      | Killed Natasha
  1369 | D:3      | Reached XP level 5. HP: 24/35 MP: 5/5
  1414 | D:3      | Killed Robin
  1840 | D:3      | Noticed Natasha
  1845 | D:3      | Killed Natasha
  1848 | D:3      | Found a basalt altar of Yredelemnul.
  1850 | D:3      | Found a blossoming altar of Fedhas.
  1853 | D:3      | Found a broken altar of Ashenzari.
  1891 | D:3      | You fall into a shaft and drop 3 floors!
  1931 | D:6      | Noticed a hornet
  1967 | D:6      | Reached XP level 6. HP: 30/41 MP: 6/6
  2008 | D:5      | Entered Level 5 of the Dungeon
  2050 | D:5      | Reached skill level 5 in Shapeshifting
  2099 | D:5      | Found a snail-covered altar of Cheibriados.
  2102 | D:5      | Found an iron altar of Okawaru.
  2165 | D:4      | Found a sacrificial altar of Ru.
  2180 | D:4      | Became a worshipper of Ru the Awakened
  2252 | D:4      | Found a sand-covered staircase.
  2262 | Ossuary  | Entered an ossuary
  2287 | Ossuary  | Reached XP level 7. HP: 40/46 MP: 7/7
  2510 | D:4      | Reached skill level 5 in Unarmed Combat
  2510 | D:4      | Reached skill level 6 in Shapeshifting
  2550 | D:3      | Identified the +3 leather armour of Ekeid {+Inv rPois rC+
                  | Stlth+}
  3043 | D:4      | Reached skill level 1 in Throwing
  3043 | D:4      | Reached XP level 8. HP: 43/54 MP: 8/8
  3116 | D:4      | Found a glowing golden altar of the Shining One.
  3721 | D:5      | Reached skill level 7 in Shapeshifting
  3826 | D:5      | Reached skill level 5 in Fighting
  3871 | D:5      | Found a staircase to the Ecumenical Temple.
  3877 | Temple   | Entered the Ecumenical Temple
  3890 | Temple   | Fell from the grace of Ru
  3890 | Temple   | Became a worshipper of Hepliaklqana the Forgotten
  4147 | D:6      | Reached XP level 9. HP: 52/61 MP: 9/9
  4472 | D:6      | Killed a hornet
  4473 | D:6      | Reached skill level 8 in Shapeshifting
  4473 | D:6      | HP: 2/62 [poisoned by a hornet]
  4475 | D:6      | Gained mutation: You possess an exceptional clarity of
                  | mind. [potion of mutation]
  4475 | D:6      | Gained mutation: Your flesh is heat resistant. (rF+)
                  | [potion of mutation]
  4475 | D:6      | Gained mutation: You are covered in fur. (AC +1) [potion of
                  | mutation]
  4705 | D:6      | Identified the +5 hand axe "Merrats" {vamp, rF+}
  4755 | D:7      | Found a hide-covered altar of Uskayaw.
  4832 | D:7      | Reached skill level 1 in Shields
  4832 | D:7      | Reached skill level 1 in Evocations
  5064 | D:7      | Reached * piety under Hepliaklqana
  5222 | D:7      | Noticed Jeremiah
  5238 | D:7      | Killed Jeremiah
  5309 | D:7      | Noticed Pikel
  5324 | D:7      | Killed Pikel
  5325 | D:7      | Reached skill level 9 in Shapeshifting
  5325 | D:7      | Reached XP level 10. HP: 15/62 MP: 10/10
  5492 | D:7      | Noticed Dowan
  5493 | D:7      | Noticed Duvessa
  5502 | D:7      | Killed Duvessa
  5505 | D:7      | Killed Dowan
  5850 | D:8      | Noticed a two-headed ogre
  5858 | D:8      | Killed a two-headed ogre
  6015 | D:9      | Found a staircase to the Lair.
  6027 | D:9      | Noticed a two-headed ogre
  6036 | D:9      | Killed a two-headed ogre
  6037 | D:9      | Reached skill level 10 in Shapeshifting
  6162 | D:9      | Noticed a two-headed ogre
  6192 | D:8      | Mangled by a yak

Illustrated notes

Levels and vault maps discovered:
D:1:      scummos_arrival_star, layout_loops_ring
D:2:      layout_basic
D:3:      layout_loops_ring, minmay_overflow_temple_star_quad,
          chequers_serial_rivers_micro_c, minmay_randomly_rotated_circles,
          uniq_robin, uniq_natasha
D:4:      layout_rooms, tso_oasis_becter, nicolae_ru_sacrificial_ziggurat,
          enter_ossuary_1, kennysheep_doodads
D:5:      layout_basic, chequers_temple_overflow_statue_of_worship,
          minmay_temple_entry_fiery, hangedman_decor_opposing,
          kennysheep_generic_room_5
D:6:      layout_loops_ring, serial_bayou_pond_b
D:7:      nicolae_cairo_tiling_very_big, layout_loops_ring,
          amcnicky_altar_gilded, uniq_jeremiah, uniq_pikel, uniq_duvessa
D:8:      layout_cave_pools, nicolae_lava_and_water
D:9:      layout_rooms, lair_entry_dummy, minmay_curled_crystal,
          minmay_hollow_rounded_squares, uniq_harold
Temple:   zaba_magenta_temple

Skill      XL: |  1  2  3  4  5  6  7  8  9 10 |
---------------+-------------------------------+-----
Fighting       | 2 3 4 5 6 7 |  7.5
Shapeshifting  | 4 5 6 7 9 10 | 10.2
Unarmed Combat | 4 5 6 |  6.0
Throwing       | 1 3 4 |  4.0
Shields        | 2 4 |  4.3
Evocations     | 3 4 |  4.7
Dodging        | |  2.0

Action                     |  1- 3 |  4- 6 |  7- 9 | 10-12 || total
---------------------------+-------+-------+-------+-------++-------
  Melee: Unarmed           |    76 |   102 |   292 |    56 ||   526
         Constrict         |    25 |    25 |    73 |     9 ||   132
         Tentacles         |    13 |    20 |    74 |    13 ||   120
         Punch             |     3 |     1 |    14 |     4 ||    22
   Fire: Sling             |       |     5 |     7 |       ||    12
  Throw: Boomerang         |       |       |    10 |    26 ||    36
  Evoke: Wand              |       |       |     1 |       ||     1
    Use: Potion            |       |       |     4 |       ||     4
   Stab: Sleeping          |     5 |     5 |     4 |     1 ||    15
         Paralysed         |       |       |     6 |       ||     6
         Distracted        |       |       |       |     1 ||     1
 Armour: Skin              |    30 |    52 |   137 |    36 ||   255
  Dodge: Dodged            |    37 |    54 |   139 |    23 ||   253
  Block: Buckler           |       |       |    29 |    12 ||    41

Table legend: (Time is in decaauts)
 A = Elapsed time spent in this place.
 B = Non-inter-level travel time spent in this place.
 C = Inter-level travel time spent in this place.
 D = Time resting spent in this place.
 E = Time spent auto-exploring this place.
 F = Levels seen in this place.
 G = Mean time per level.
                   A        B        C        D        E       F      G
               +--------+--------+--------+--------+--------+-----+--------+
         Total |   6162 |   5843 |    319 |    242 |   3905 |  11 |  560.2 |
       Dungeon |   5921 |   5614 |    307 |    232 |   3880 |   9 |  657.9 |
        Temple |     28 |     16 |     12 |      0 |      0 |   1 |   28.0 |
       Ossuary |    211 |    211 |      0 |     10 |     25 |   1 |  211.0 |
               +--------+--------+--------+--------+--------+-----+--------+

Top non-repeatable levels by time:
     D:7: 989 daAuts
     D:3: 929 daAuts
     D:6: 910 daAuts
     D:5: 769 daAuts
     D:4: 678 daAuts
     D:1: 636 daAuts
     D:2: 566 daAuts
     D:9: 297 daAuts
 Ossuary: 211 daAuts
     D:8: 143 daAuts
  Temple: 28 daAuts
